 Dungeon Crawl Stone Soup version 0.16-a0-3911-g06eb01e (webtiles) character file.

659 Gronka the Covered (level 7, -5/55 HPs)
             Began as a Human Fighter on Feb 3, 2015.
             Was an Initiate of Fedhas.
             Slain by an ogre
             ... wielding a +0 giant club
              (15 damage)
             ... on level 5 of the Dungeon.
             The game lasted 00:12:04 (4587 turns).

Gronka the Covered (Human Fighter)                  Turns: 4587, Time: 00:12:05

Health: -5/55      AC: 11    Str: 19    XL:     7   Next: 86%
Magic:  7/7        EV:  6    Int:  8    God:    Fedhas [......]
Gold:   218        SH:  9    Dex: 12    Spells: 0 memorised, 6 levels left

rFire  . . .     SeeInvis .     p - +3 rapier (flame)
rCold  + . .     Clarity  .     t - +0 chain mail
rNeg   . . .     SustAb   .     c - +0 shield
rPois  .         Gourm    +     (no helmet)
rElec  .         Spirit   .     (no cloak)
rCorr  .         Warding  .     l - +0 pair of gloves
rMut   .         Stasis   .     (no boots)
MR     .....                    j - amulet of the gourmand
Stlth  ..........               m - ring of protection from cold
                                i - ring of invisibility

@: not resistant to hostile enchantments, extremely unstealthy
A: no striking features
a: Renounce Religion, Evoke Invisibility


You were on level 5 of the Dungeon.
You worshipped Fedhas.
Fedhas was noncommittal.
You were not hungry.

You visited 1 branch of the dungeon, and saw 5 of its levels.
You also visited: Sewer.

You collected 218 gold pieces.

Inventory:

Hand weapons
 a - a +0 long sword
 p - a +3 rapier of flaming (weapon)
Armour
 b - a +0 scale mail
 c - a +0 shield (worn)
 l - a +0 pair of gloves (worn)
 t - a +0 chain mail (worn)
Jewellery
 i - a ring of invisibility (left hand)
 j - an amulet of the gourmand (around neck)
 m - a ring of protection from cold (right hand)
 w - an uncursed ring of fire
Magical devices
 y - a wand of enslavement (16)
Scrolls
 h - 2 scrolls of teleportation
 k - 3 scrolls of remove curse
 o - 2 scrolls of magic mapping {unknown}
 s - a scroll of recharging {unknown}
 x - a scroll of noise {unknown}
 z - a scroll of immolation {unknown}
 A - a scroll of blinking {unknown}
 C - a scroll of enchant armour {unknown}
Potions
 d - a potion of ambrosia {unknown}
 e - a potion of might
 f - 3 potions of agility
 v - a potion of haste {unknown}
 D - 3 potions of brilliance
Comestibles
 n - a beef jerky
 q - 2 meat rations
 r - 3 bread rations
 u - 2 fruits


   Skills:
 + Level 4.3 Fighting
 + Level 1.6(2.6) Short Blades
 + Level 3.3(3.5) Long Blades
 + Level 5.1 Armour
 + Level 2.6 Dodging
 + Level 0.9 Stealth
 + Level 4.7 Shields


You had 6 spell levels left.
You didn't know any spells.

Dungeon Overview and Level Annotations

Branches:
Dungeon (5/15)             Temple (0/1) D:4

Altars:
Ashenzari
Fedhas
Nemelex Xobeh
Ru
Sif Muna
Yredelemnul
Zin


Message History

Your shield and chain mail prevent you from hitting the ogre.
The ogre hits you with a giant club!
You hit the ogre. You burn the ogre.
The ogre is moderately wounded.
You hit the ogre. You burn the ogre.
The ogre is heavily wounded.
You block the ogre's attack.
Your shield and chain mail prevent you from hitting the ogre.
The ogre is heavily wounded.
The ogre hits you with a giant club!
You hit the ogre. You burn the ogre.
The ogre is heavily wounded.
The ogre hits you with a giant club!!
* * * LOW HITPOINT WARNING * * *
You are too injured to fight recklessly!
Your shield prevents you from hitting the ogre.
The ogre is heavily wounded.
The ogre hits you with a giant club!
You die...
Fedhas appreciates your contribution to the ecosystem.

#### # #..## #.
## ##...## ##..
#$ #...>.##
#....#.##
##.##....
.........##
####..####..
#O@.####....##
##.
##..........# #.
##.........# ##
##........## #
##........##
#.........##
#...........###
#.............##
...............#


You could see an ogre.

Vanquished Creatures
  An ogre (D:4)
  3 giant frogs
  A scorpion (D:4)
  The ghost of trelanon the Sneak, a weakling VSAs (Sewer)
  An orc priest (D:4)
  A hound (D:4)
  3 orc wizards
  4 adders
  A worm (D:3)
  2 giant mites
  4 giant geckos
  15 orcs
  9 ball pythons
  6 giant cockroaches
  10 goblins
  7 hobgoblins
  9 jackals
  A quokka (D:3)
  10 bats
  7 giant newts
  8 kobolds
  7 rats
111 creatures vanquished.

Notes
Turn   | Place    | Note
--------------------------------------------------------------
     0 | D:1      | Gronka, the Human Fighter, began the quest for the Orb.
     0 | D:1      | Reached XP level 1. HP: 18/18 MP: 1/1
   180 | D:1      | Reached XP level 2. HP: 22/24 MP: 2/2
   340 | D:1      | Found a shattered altar of Ashenzari.
   440 | D:1      | Reached XP level 3. HP: 24/29 MP: 3/3
  1164 | D:2      | Reached skill level 1 in Dodging
  1164 | D:2      | Reached XP level 4. HP: 7/35 MP: 4/4
  2149 | D:3      | Reached XP level 5. HP: 28/41 MP: 5/5
  2586 | D:3      | Reached skill level 4 in Shields
  2622 | D:3      | Found a basalt altar of Yredelemnul.
  2885 | D:3      | Found a deep blue altar of Sif Muna.
  2964 | D:4      | Found a glowing silver altar of Zin.
  2994 | D:4      | Noticed an ogre
  3005 | D:4      | Killed an ogre
  3005 | D:4      | Reached XP level 6. HP: 8/48 MP: 6/6
  3007 | D:4      | HP: 2/48 [adder (4)]
  3314 | D:4      | Reached XP level 7. HP: 11/54 MP: 7/7
  3344 | D:4      | Found a staircase to the Ecumenical Temple.
  3385 | D:4      | Found a sacrificial altar of Ru.
  3390 | D:4      | Found a blossoming altar of Fedhas.
  3394 | D:4      | Found a sparkling altar of Nemelex Xobeh.
  3400 | D:4      | Became a worshipper of Fedhas Madash
  3634 | D:4      | Found a glowing drain.
  3647 | Sewer    | Entered a sewer
  3736 | Sewer    | Reached skill level 1 in Short Blades
  3819 | Sewer    | Noticed trelanon's ghost (weakling VSAs)
  3852 | Sewer    | Killed trelanon's ghost
  3932 | Sewer    | Reached skill level 5 in Armour
  4517 | D:5      | Entered Level 5 of the Dungeon
  4587 | D:5      | Slain by an ogre

Action                   |  1- 3 |  4- 6 |  7- 9 || total
-------------------------+-------+-------+-------++-------
Melee: Long sword        |   136 |    85 |       ||   221
       Rapier            |       |    74 |   159 ||   233
  Use: Potion            |     3 |     2 |     1 ||     6
       Scroll            |       |       |     6 ||     6
 Stab: Invisible         |     1 |       |       ||     1
  Eat: Bread ration      |     1 |     1 |       ||     2
       Chunk             |       |       |     4 ||     4
       Beef jerky        |       |       |     1 ||     1
